 Dungeon Crawl Stone Soup version 0.22-b1-59-g0aedee7 (webtiles) character file.

3974 Lew the Cleaver (level 10, -1/94 HPs)
             Began as a Gargoyle Fighter on Aug 9, 2018.
             Was a Follower of Dithmenos.
             Killed by the air
             ... invoked by Gastronok
              (19 damage)
             ... on level 1 of the Lair of Beasts.
             The game lasted 00:24:33 (7467 turns).

Lew the Cleaver (Gargoyle Fighter)                  Turns: 7467, Time: 00:24:33

Health: -1/94      AC: 25    Str: 23    XL:     10   Next: 22%
Magic:  0/10       EV:  2    Int:  9    God:    Dithmenos [*.....]
Gold:   408        SH: 10    Dex:  9    Spells: 9/9 levels left

rFire    + . .     SeeInvis .   a - +2 war axe
rCold    + . .     Gourm    .   c - +0 shield
rNeg     + + +     Faith    .   (armour currently unavailable)
rPois    ∞         Spirit   +   (helmet currently unavailable)
rElec    .         Reflect  .   (cloak currently unavailable)
rCorr    .         Harm     .   (gloves currently unavailable)
MR       .....     Clarity  +   (boots currently unavailable) Stlth ++++......NoTele +
                                z - amulet of guardian spirit
HPRegen  0.25/turn              l - ring of protection from fire
MPRegen  0.12/turn              x - ring of protection from cold

@: tree-form, slowed, wreathed by umbra, very slow
A: clarity, negative energy resistance 1, petrification resistance, rot
immunity, AC +7
a: Renounce Religion


You were on level 1 of the Lair of Beasts.
You worshipped Dithmenos.
Dithmenos was aware of your devotion.
You were not hungry.
You were a tree.
You visited 3 branches of the dungeon, and saw 10 of its levels.

You collected 408 gold pieces.

Inventory:

Hand Weapons
 a - a +2 war axe (weapon)
 b - a +0 battleaxe
 i - a +0 battleaxe
 u - a +3 quarterstaff of chaos
 F - a +0 shortbow
Missiles
 o - 5 steel tomahawks
 w - 8 tomahawks (quivered)
 A - 60 arrows
Armour
 c - a +0 shield (worn)
 g - a +2 helmet (melded)
 v - a +0 cloak (melded)
 K - a +0 plate armour (melded)
Jewellery
 j - an uncursed ring of resist corrosion
 l - a ring of protection from fire (left branch)
 p - an uncursed ring of protection from fire
 s - an uncursed ring of ice
 x - a ring of protection from cold (right branch)
 z - an amulet of guardian spirit (around neck)
Wands
 n - a wand of enslavement (12)
Scrolls
 d - a scroll of immolation
 e - 7 scrolls of remove curse
 q - 3 scrolls of teleportation
 r - 2 scrolls of blinking
 t - 2 scrolls of amnesia
 y - a scroll of fear
 B - a scroll of magic mapping
 E - 2 scrolls of fog
 G - a scroll of vulnerability
 I - a scroll of identify
Potions
 m - a potion of magic
 D - a potion of agility {unknown}
 H - 2 potions of haste {unknown}
Comestibles
 f - 10 rations


   Skills:
 + Level 7.1 Fighting
 + Level 8.3 Axes
 + Level 7.1 Armour
 + Level 6.6 Stealth
 + Level 7.0 Shields


You had 9 spell levels left.
You didn't know any spells.
Your spell library contained the following spells:

 Spells                   Type           Power        Failure   Level  Hunger
 Summon Small Mammal      Summ           #...         75%         1    ##.....
 Summon Ice Beast         Ice/Summ       #.......     100%        4    #####..
 Call Imp                 Summ           #.......     86%         2    ###....
 Call Canine Familiar     Summ           #.......     98%         3    ####...
 Summon Lightning Spire   Summ/Air       #.......     100%        4    #####..
 Summon Guardian Golem    Hex/Summ       #.......     98%         3    ####...


Dungeon Overview and Level Annotations

Branches:
Dungeon (8/15)             Temple (1/1) D:7            Lair (1/6) D:8

Altars:
Ashenzari
Cheibriados
Dithmenos
Elyvilon
Fedhas
Gozag
Hepliaklqana
Kikubaaqudgha
Makhleb
Nemelex Xobeh
Okawaru
Qazlal
Ru
Sif Muna
Trog
Uskayaw
Vehumet
Wu Jian
Xom
Yredelemnul
Zin
The Shining One

Annotations:
Lair:1 exclusion: oklob plant, Gastronok


Innate Abilities, Weirdness & Mutations

You are resistant to torment.
((Your stone body is resilient. (AC +7)))
You are immune to poison.
You resist negative energy. (rN+)
((You are resistant to electric shocks. (rElec)))
((You can survive without breathing.))
You are immune to petrification.
You are immune to rotting.
You possess an exceptional clarity of mind.
((You are covered in fur. (AC +1)))


Message History

You miss the bat. You block the bat's attack.
The rat bites you but does no damage. x2
Gastronok's eyestalks quiver as he mumbles some strange words.
You block the rat's attack.
You slash Gastronok!
Gastronok is almost dead.
You closely miss the rat. You closely miss the bat. You slash the quokka!
You kill the quokka!
The quokka's corpse disappears in a puff of smoke!
You closely miss the rat.
The rat disappears in a puff of smoke! x2
You block the bat's attack. The bat hits you but does no damage.
The bat completely misses you. The bat hits you but does no damage.
Gastronok bites you.
* * * LOW HITPOINT WARNING * * *
You completely miss Gastronok.
Gastronok is almost dead.
You miss the bat. The bat hits you but does no damage. x4
Gastronok waves his eye-stalks in wide circles.
The air twists around and strikes you!
You die...

.## #...###...#### #.# ..# ##...#
#..## #.# .## #....###..# ##.#
..# #.........# #P.# .##
#....####.# ##.. .# #.#.## #.#
#.# .## #.#.# #.# ###.# .P####
#.w§## ##.## #.... .###.##
#b.♣.###...# ##... .##...## ###
###b..#..P## #.<.
.#.....###.###...b#.#.###### ##..
.........).............##..###.#P
#......#######..#..#..##.........
......## ####..........######
###....# ### ####........###P#
###....#####.####.##.....#.......
......................###########


You could see Gastronok and 3 bats.

Vanquished Creatures
  The ghost of ThereIsNoGod the Thaumaturge, a novice SpVM (D:7)
  A komodo dragon (Lair:1)
  Grinder (D:3)
  A hippogriff (D:7)
  A shadow (D:8)
  A water moccasin (Lair:1)
  A porcupine (Lair:1)
  3 orc warriors
  2 sky beasts (D:8)
  3 black bears
  2 ogres
  2 centaurs
  5 bullfrogs
  A water moccasin skeleton (D:8)
  8 killer bees
  3 crimson imps
  2 hounds
  Crazy Yiuf (D:4)
  A jelly (D:5)
  2 orc priests
  4 orc wizards
  3 iguanas
  Jessica (D:3)
  3 centaur skeletons
  Terence (D:3)
  2 worker ants
  A hound skeleton (D:7)
  A worker ant zombie (D:7)
  13 adders
  2 oozes
  4 worms
  A dart slug (D:3)
  4 leopard geckos
  28 orcs
  5 bats
  3 giant cockroaches
  11 goblins
  5 hobgoblins
  8 jackals
  3 quokkas
  6 frilled lizards
  A jackal skeleton (D:7)
  5 kobolds
  7 rats
164 creatures vanquished.

Notes
Turn   | Place    | Note
-------+----------+-------------------------------------------
     0 | D:1      | Lew the Gargoyle Fighter began the quest for the Orb.
     0 | D:1      | Reached XP level 1. HP: 14/14 MP: 1/1
    37 | D:1      | Reached skill level 2 in Axes
    60 | D:1      | Reached XP level 2. HP: 19/19 MP: 2/2
   207 | D:1      | Reached skill level 3 in Axes
   309 | D:1      | Reached XP level 3. HP: 23/23 MP: 3/3
   469 | D:2      | Found a burning altar of Makhleb.
   568 | D:2      | Reached XP level 4. HP: 17/28 MP: 4/4
   707 | D:2      | Reached skill level 4 in Axes
   889 | D:2      | Reached XP level 5. HP: 30/32 MP: 5/5
  1041 | D:2      | Found a faded altar of an unknown god.
  1270 | D:2      | Found a stormy altar of Qazlal.
  1468 | D:3      | Noticed Grinder
  1473 | D:3      | Reached skill level 5 in Axes
  1481 | D:3      | Noticed Terence
  1494 | D:3      | Killed Terence
  1500 | D:3      | Killed Grinder
  1500 | D:3      | Reached skill level 6 in Axes
  1500 | D:3      | Reached XP level 6. HP: 35/37 MP: 6/6
  2001 | D:3      | Noticed Jessica
  2025 | D:3      | Killed Jessica
  2025 | D:3      | Reached XP level 7. HP: 19/41 MP: 7/7
  2301 | D:3      | Reached skill level 1 in Stealth
  2483 | D:4      | Found a runed door.
  2544 | D:4      | Found a shadowy altar of Dithmenos.
  2577 | D:4      | Became a worshipper of Dithmenos the Shadowed
  2915 | D:4      | Noticed Crazy Yiuf
  2918 | D:4      | Killed Crazy Yiuf
  2957 | D:5      | Entered Level 5 of the Dungeon
  3258 | D:5      | Found a snail-covered altar of Cheibriados.
  3517 | D:6      | Reached XP level 8. HP: 41/48 MP: 8/8
  4307 | D:6      | Found a bloodstained altar of Trog.
  4322 | D:6      | Reached skill level 7 in Axes
  4496 | D:6      | Gained mutation: You are clumsy. (Dex -2) [potion of mutation]
  4496 | D:6      | Lost mutation: You are clumsy. (Dex -2) [potion of mutation]
  4496 | D:6      | Gained mutation: You are covered in fur. (AC +1) [potion of mutation]
  4496 | D:6      | Gained mutation: You possess an exceptional clarity of mind. [potion of mutation]
  4511 | D:7      | Reached skill level 5 in Fighting
  4511 | D:7      | Reached skill level 5 in Armour
  4544 | D:7      | Reached skill level 5 in Shields
  4563 | D:7      | Found a runed door.
  4564 | D:7      | Noticed ThereIsNoGod's ghost (novice SpVM)
  4618 | D:7      | Noticed a hippogriff
  4635 | D:7      | Killed a hippogriff
  4641 | D:7      | Reached XP level 9. HP: 18/54 MP: 9/9
  4962 | D:7      | Found a staircase to the Ecumenical Temple.
  5212 | Temple   | Entered the Ecumenical Temple
  5712 | D:7      | Killed ThereIsNoGod's ghost
  5712 | D:7      | Reached skill level 5 in Stealth
  5794 | D:8      | Found a glowing golden altar of the Shining One.
  5908 | D:8      | Reached * piety under Dithmenos
  6198 | D:8      | Reached skill level 8 in Axes
  6408 | D:8      | Reached XP level 10. HP: 58/61 MP: 10/10
  6478 | D:8      | Found a staircase to the Lair.
  6847 | Lair:1   | Entered Level 1 of the Lair of Beasts
  7081 | Lair:1   | Noticed an oklob plant
  7417 | Lair:1   | Noticed Gastronok
  7467 | Lair:1   | Killed from afar by Gastronok

Skill      XL: |  1  2  3  4  5  6  7  8  9 10 |
---------------+-------------------------------+-----
Axes           | 2 3 4 6 7 8 |  8.3
Stealth        | 2 4 6 |  6.6
Fighting       | 4 5 6 7 |  7.1
Armour         | 4 5 6 7 |  7.1
Shields        | 4 5 6 7 |  7.0

Action                   |  1- 3 |  4- 6 |  7- 9 | 10-12 || total
-------------------------+-------+-------+-------+-------++-------
Melee: War axe           |   124 |   184 |   335 |    83 ||   726
Evoke: Wand              |       |       |       |    19 ||    19
  Use: Potion            |     3 |     1 |     4 |     3 ||    11
       Scroll            |     3 |       |    13 |     3 ||    19
  Eat: Chunk             |       |     4 |    11 |       ||    15
       Ration            |       |       |     1 |     1 ||     2
Armor: Scale mail        |    75 |    91 |    60 |       ||   226
       Plate armour      |       |       |   324 |    42 ||   366
       Skin              |       |       |       |    14 ||    14
Dodge: Dodged            |    50 |    68 |    99 |    18 ||   235
Block: Shield            |    72 |    79 |   232 |    45 ||   428
